 Dungeon Crawl Stone Soup version 0.30-a0-137-gd8773701ce (webtiles) character file.

Game seed: 16938218939672260315

4215 Essalna the Scholar of Death (level 10, -2/78 (83) HPs)
             Began as a Demonspawn Necromancer on Sept 22, 2022.
             Was a Follower of Kikubaaqudgha.
             Slain by Harold
             ... wielding a +0 war axe
              (17 damage)
             ... on level 9 of the Dungeon.
             The game lasted 00:20:26 (9021 turns).

Essalna the Scholar of Death (DsNe)                 Turns: 9021, Time: 00:20:26

HP:   -2/78 (83)    AC:  6    Str:  5    XL:     10   Next: 9%
MP:   13/13         EV: 12    Int: 21    God:    Kikubaaqudgha [*.....]
Gold: 322           SH:  0    Dex: 14    Spells: 5/13 levels left

rFire   + + .      SeeInvis .    o - +2 quarterstaff (spect)
rCold   + + .      Faith    .    (shield currently unavailable)
rNeg    + . .      Spirit   .    B - +2 robe {rN+}
rPois   .          Reflect  .    (no helmet)
rElec   .          Harm     .    g - +1 cloak
rCorr   .          Rampage  .    (no gloves)
Will    .....                    (no boots)
Stlth   +.........               (no amulet)
HPRegen 0.23/turn                u - ring of Dotyuff {Fly rF++ rC++ Str-3}
MPRegen 0.13/turn                (no ring)

@: confused, marked, flying, drained
A: large bone plates 1, spiny 1, condensation shield, weakness stinger 2
a: Renounce Religion, Unearth Wretches


You were on level 9 of the Dungeon.
You worshipped Kikubaaqudgha.
Kikubaaqudgha was aware of your devotion.
You visited 2 branches of the dungeon, and saw 10 of its levels.

You collected 447 gold pieces.
You spent 125 gold pieces at shops.

Inventory:

Hand Weapons
 h - a +0 rapier
 o - a +2 spectral quarterstaff (weapon)
Armour
 a - a +0 robe
 g - a +1 cloak (worn)
 i - a +2 kite shield
 B - a +2 robe of positive energy (worn)
 H - a +0 buckler
Jewellery
 r - a ring of flight
 u - the ring of Dotyuff (left hand) {Fly rF++ rC++ Str-3}
   (You bought it in a shop on level 4 of the Dungeon)

   [ring of flight]

   Str:       It affects your strength (-3).
   rF:        It greatly protects you from fire.
   rC:        It greatly protects you from cold.
   Fly:       It grants you flight.
 y - a ring of fire
 F - a ring of fire
Wands
 k - a wand of acid (4)
 D - a wand of digging (4)
Scrolls
 c - 3 scrolls of teleportation
 f - 4 scrolls of poison
 l - a scroll of summoning
 t - a scroll of fog {unknown}
 z - a scroll of amnesia
 A - a scroll of fear {unknown}
 E - 3 scrolls of identify {unknown}
 G - a scroll of magic mapping {unknown}
Potions
 b - 2 potions of magic
 d - 3 potions of berserk rage {unknown}
 e - 3 potions of curing {unknown}
 j - 2 potions of attraction {unknown}
 m - a potion of ambrosia {unknown}
 n - 2 potions of brilliance {unknown}
 p - 2 potions of flight {unknown}
 q - 2 potions of mutation {unknown}
 s - 3 potions of haste {unknown}
 v - 2 potions of resistance
 w - a potion of lignification {unknown}
 x - 2 potions of might {unknown}
 C - a potion of degeneration {unknown}


   Skills:
 + Level 9.4 Fighting
 - Level 1.7 Dodging
 - Level 1.7 Stealth
 - Level 2.0 Spellcasting
 + Level 12.9 Necromancy


You had 5 spell levels left.
You knew the following spells:

 Your Spells              Type           Power      Damage    Failure   Level
a - Necrotise             Necr           100%       1d9       1%          1
b - Vampiric Draining     Necr           54%        2d9       1%          3
c - Sublimation of Blood  Necr           54%        N/A       1%          2
d - Cigotuvi's Dreadful   Necr/Pois/Air  40%        N/A       3%          2

Your spell library contained the following spells:

 Spells                   Type           Power      Damage    Failure   Level
 Animate Dead             Necr           54%        N/A       1%          4
 Agony                    Necr           54%        N/A       1%          5
 Sting                    Tmut/Pois      8%         1d3       14%         1
 Blink                    Tloc           4%         N/A       22%         2
 Gell's Gravitas          Tloc           2%         N/A       41%         3
 Lesser Beckoning         Tloc           2%         N/A       41%         3
 Teleport Other           Tloc           2%         N/A       41%         3
 Manifold Assault         Tloc           2%         N/A       82%         4
 Dispersal                Tloc           1%         N/A       100%        6


Dungeon Overview and Level Annotations

Branches:
Dungeon (9/15)             Temple (1/1) D:7            Lair (0/5) D:8
    Orc: D:9-12

Altars:
Ashenzari
Dithmenos
Fedhas
Gozag
Hepliaklqana
Kikubaaqudgha
Makhleb
Qazlal
Ru
Sif Muna
Trog
Uskayaw
Wu Jian
Xom
Yredelemnul

Shops:
D:4 *   D:6 [

Annotations:
D:9 Harold


Innate Abilities, Weirdness & Mutations

You are partially covered in large bone plates. (SH +4)
You are partially covered in sharp spines.
A meltable shield of frost defends you. (SH +4)
You have a tail ending in a sharp stinger.


Message History

You hit Harold but do no damage.
Harold is moderately wounded.
Your +2 spectral quarterstaff hits Harold.
Harold zaps a wand.
Your will is overpowered!
You are confused.
Harold closely misses you.
You bump into the rock wall.
Harold zaps a wand.
You easily resist.
You bump into the rock wall.
Harold zaps a wand.
Your will is overpowered!
You are more confused.
The now-empty wand crumbles to dust.
You barely miss Harold.
Harold is heavily wounded.
Your +2 spectral quarterstaff hits Harold!
Harold casts a spell at you. A sentinel's mark forms upon you.
You barely miss Harold.
Harold is heavily wounded.
Your +2 spectral quarterstaff hits Harold!
Harold pauses a moment, imagining something with a smile on his face.
Harold hits your +2 spectral quarterstaff with a +0 war axe!!
Your spectral weapon shares its damage with you!
Your +2 spectral quarterstaff fades away.
Harold hits you with a +0 war axe!
You completely miss Harold.
Harold is heavily wounded.
Your +2 spectral quarterstaff hits Harold!
Harold is struck by your spines. Harold barely misses you.
Harold hits your +2 spectral quarterstaff but does no damage.
You closely miss your +2 spectral quarterstaff.
Your +2 spectral quarterstaff hits itself but does no damage.
Harold completely misses you.
Harold closely misses your +2 spectral quarterstaff.
Harold hits you with a +0 war axe!
* * * LOW HITPOINT WARNING * * *
Harold hits your +2 spectral quarterstaff with a +0 war axe.
Your spectral weapon shares its damage with you!
* * * LOW HITPOINT WARNING * * *
You bump into the rock wall.
Harold hits you with a +0 war axe!
You die...
Kikubaaqudgha rasps: "You have failed me!
Welcome... death!"

#.# #.########
#.#### #.........
#....###.#######.
######.#.>....#####
..................#
#..........###.#
##....####.###.###.
##.#.####ยง@.......
#.#.....@#...####
#.########.### #+#
.# .# @# .. ..


You could see Harold.

Vanquished Creatures
  Maggie (D:7)
  The ghost of splatterpode the Poker, an amateur OpBe of Trog (D:4)
  Duvessa (D:7)
  2 water moccasins
  An orc warrior (D:8)
  2 ice beasts (D:7)
  4 black bears
  4 sky beasts
  6 ogres
  A phantom (D:5)
  A bullfrog (D:8)
  A gnoll sergeant (D:5)
  A water moccasin zombie (D:4)
  4 scorpions
  Dowan (D:7)
  7 killer bees
  3 jellies
  8 hounds
  3 orc priests
  A bullfrog skeleton (D:4)
  4 iguanas
  9 orc wizards
  7 gnolls
  7 adders
  A shadow imp (D:5)
  2 white imps (D:6)
  3 ufetubi
  2 worms
  3 dart slugs
  21 orcs
  9 ball pythons
  4 endoplasms
  3 giant cockroaches
  3 goblins
  A hobgoblin (D:3)
  5 jackals (D:2)
  4 quokkas
  5 bats
  2 frilled lizards
  10 kobolds
  4 rats
162 creatures vanquished.

Vanquished Creatures (collateral kills)
  A necrophage (D:4)
  A centaur zombie (D:4)
  An endoplasm (D:2)
  A goblin (D:2)
  3 jackals (D:2)
7 creatures vanquished.

Grand Total: 169 creatures vanquished

Notes
Turn   | Place    | Note
-------+----------+-------------------------------------------
     0 | D:1      | Essalna the Demonspawn Necromancer began the quest for the
                  | Orb.
     0 | D:1      | Reached XP level 1. HP: 13/13 MP: 3/3
   573 | D:1      | Gained mutation: A meltable shield of frost defends you.
                  | (SH +4) [demonic ancestry]
   573 | D:1      | Reached XP level 2. HP: 19/19 MP: 1/5
   912 | D:1      | Reached skill level 5 in Necromancy
  1400 | D:2      | Gained mutation: You are partially covered in large bone
                  | plates. (SH +4) [demonic ancestry]
  1400 | D:2      | Reached XP level 3. HP: 5/24 MP: 0/6
  1400 | D:2      | HP: 1/24 [jackal (3)]
  1405 | D:2      | You fall into a shaft and drop 2 floors!
  1727 | D:4      | Reached skill level 6 in Necromancy
  1796 | D:4      | Noticed a black bear
  1980 | D:3      | Gained mutation: You are partially covered in sharp spines.
                  | [demonic ancestry]
  1980 | D:3      | Reached XP level 4. HP: 28/30 MP: 0/7
  2568 | D:2      | Found a faded altar of an unknown god.
  3060 | D:3      | Learned a level 3 spell: Vampiric Draining
  3285 | D:4      | Noticed splatterpode's ghost (amateur OpBe)
  3285 | D:4      | Found a transporter.
  3287 | D:4      | Noticed a necrophage
  3403 | D:4      | Found a transporter.
  3455 | D:4      | Killed a black bear
  3456 | D:4      | Reached skill level 7 in Necromancy
  3456 | D:4      | Reached XP level 5. HP: 35/35 MP: 5/8
  3582 | D:4      | Found Wimatz's Assorted Antiques.
  3585 | D:4      | Bought a flickering iron ring for 125 gold pieces
  3585 | D:4      | Identified the ring of Dotyuff {Fly rF++ rC++ Str-3} (You
                  | bought it in a shop on level 4 of the Dungeon)
  3644 | D:4      | Reached skill level 8 in Necromancy
  3644 | D:4      | Reached XP level 6. HP: 41/41 MP: 9/9
  3674 | D:4      | Noticed a water moccasin
  3679 | D:4      | Killed a water moccasin
  3680 | D:4      | Reached skill level 1 in Fighting
  3888 | D:4      | Found a shimmering altar of Xom.
  3891 | D:4      | Found an ornate altar of the Wu Jian Council.
  3897 | D:4      | Found an opulent altar of Gozag.
  3898 | D:4      | Found a bloodstained altar of Trog.
  3900 | D:4      | Found a hazy altar of Hepliaklqana.
  3900 | D:4      | Found a broken altar of Ashenzari.
  4082 | D:4      | Found a burning altar of Makhleb.
  4136 | D:5      | Entered Level 5 of the Dungeon
  4147 | D:5      | Reached XP level 7. HP: 49/51 MP: 10/10
  4349 | D:5      | Reached skill level 9 in Necromancy
  4727 | D:5      | Gained mutation: You have a small tail. [demonic ancestry]
  4727 | D:5      | Reached XP level 8. HP: 48/61 MP: 11/11
  4734 | D:5      | Reached skill level 5 in Fighting
  4874 | D:5      | Reached skill level 10 in Necromancy
  5673 | D:4      | Killed splatterpode's ghost
  5674 | D:4      | Reached skill level 11 in Necromancy
  5676 | D:4      | Reached XP level 9. HP: 65/72 MP: 12/12
  5909 | D:6      | Found Dotamupu's Antique Armour Boutique.
  6633 | D:7      | Found a staircase to the Ecumenical Temple.
  6636 | D:7      | Noticed Dowan
  6637 | D:7      | Noticed Duvessa
  6647 | D:7      | Killed Duvessa
  6655 | Temple   | Entered the Ecumenical Temple
  7075 | Temple   | Became a worshipper of Kikubaaqudgha
  7128 | D:7      | Killed Dowan
  7238 | D:7      | Noticed Maggie
  7245 | D:7      | Killed Maggie
  7246 | D:7      | Reached skill level 12 in Necromancy
  8415 | D:8      | Gained mutation: You have a tail ending in a sharp stinger.
                  | [demonic ancestry]
  8415 | D:8      | Reached XP level 10. HP: 83/83 MP: 13/13
  8459 | D:8      | Found a staircase to the Lair.
  8674 | D:8      | Found a shimmering blue altar of Sif Muna.
  8685 | D:8      | Reached * piety under Kikubaaqudgha
  8685 | D:8      | Received a gift from Kikubaaqudgha
  8691 | D:8      | Got Sif Muna's Folio of the Assassin
  8696 | D:8      | Learned a level 2 spell: Sublimation of Blood
  8699 | D:8      | Learned a level 2 spell: Cigotuvi's Dreadful Rot
  9005 | D:9      | Noticed Harold
  9021 | D:9      | Slain by Harold

Illustrated notes

Levels and vault maps discovered:
D:1:      scummos_arrival_checkerplants, layout_loops_cross,
          amcnicky_mini_rare_corridor_liquid,
          nicolae_concentric_dashed_squares_mild
D:2:      layout_rooms, hellmonk_ecumenical_altar_heavens_door, minivault_19
D:3:      layout_loops_cross, roderic_st_hans_cross
D:4:      layout_loops_ring, nicolae_overflow_hallway_of_the_gods,
          gammafunk_ghost_mausoleum, serial_shops, shop
D:5:      layout_cave_pools
D:6:      layout_rooms, serial_shops, nicolae_shop_statue_plus
D:7:      layout_basic, minmay_temple_entry_gardened_gates, uniq_maggie,
          uniq_duvessa
D:8:      layout_basic, led_sif_book, lair_entry_dummy, minivault_27
D:9:      layout_loops_corners, david_orc_4, uniq_grum, uniq_harold
Temple:   minmay_temple_forest_path

Skill      XL: |  1  2  3  4  5  6  7  8  9 |
---------------+----------------------------+-----
Necromancy     | 5 6 7 8 9 11 12 | 12.9
Fighting       | 2 4 7 9 |  9.4
Dodging        | |  1.7
Stealth        | |  1.7
Spellcasting   | |  2.0

Action                   |  1- 3 |  4- 6 |  7- 9 | 10-12 || total
-------------------------+-------+-------+-------+-------++-------
Melee: Unarmed           |    12 |       |       |       ||    12
       Punch             |     1 |       |       |       ||     1
       Rapier            |    10 |     5 |       |       ||    15
       Quarterstaff      |       |    41 |   163 |    33 ||   237
       Tailslap          |       |       |    25 |     5 ||    30
 Cast: Necrotise         |    60 |    38 |    15 |     2 ||   115
       Vampiric Draining |       |       |     4 |     1 ||     5
       Cigotuvi's Dreadf |       |       |       |     1 ||     1
  Use: Scroll            |       |       |    10 |       ||    10
 Stab: Sleeping          |       |     3 |     4 |       ||     7
       Distracted        |       |     1 |     3 |       ||     4
Armor: Robe              |     9 |    10 |    29 |     8 ||    56
Dodge: Dodged            |    23 |    19 |    87 |    18 ||   147
Block: Other             |     9 |    17 |    64 |    11 ||   101

Table legend: (Time is in decaauts)
 A = Elapsed time spent in this place.
 B = Non-inter-level travel time spent in this place.
 C = Inter-level travel time spent in this place.
 D = Time resting spent in this place.
 E = Time spent auto-exploring this place.
 F = Levels seen in this place.
 G = Mean time per level.
                   A        B        C        D        E       F      G
               +--------+--------+--------+--------+--------+-----+--------+
         Total |   9097 |   8692 |    405 |    572 |   6789 |  10 |  909.7 |
       Dungeon |   8641 |   8295 |    346 |    309 |   6666 |   9 |  960.1 |
        Temple |    455 |    396 |     59 |    263 |    123 |   1 |  455.0 |
               +--------+--------+--------+--------+--------+-----+--------+

Top non-repeatable levels by time:
     D:4: 1824 daAuts
     D:5: 1338 daAuts
     D:1: 1119 daAuts
     D:8: 1055 daAuts
     D:2: 819 daAuts
     D:3: 798 daAuts
     D:6: 779 daAuts
     D:7: 642 daAuts
  Temple: 455 daAuts
     D:9: 264 daAuts
